 Seeded DCSS version 0.30.0-29-ga12c61a403 (webtiles) character file.

Game seed: 18007716519941398942 (custom seed)

13 Dadbod the Shield-Bearer (level 2, 24/24 HPs)
             Began as a Formicid Fighter on June 5, 2023.
             Quit the game on level 1 of the Dungeon.
             The game lasted 00:01:41 (108 turns).

Dadbod the Shield-Bearer (Formicid Fighter)          Turns: 108, Time: 00:01:41

Health: 24/24      AC:  6    Str: 20    XL:     2   Next: 50%
Magic:  2/2        EV:  9    Int:  7    God:
Gold:   9          SH:  5    Dex: 13    Spells: 1/1 levels left

rFire   . . .        a - +0 war axe
rCold   . . .        c - +0 buckler
rNeg    . . .        b - +0 scale mail
rPois   .            (helmet unavailable)
rElec   .            (no cloak)
rCorr   .            (no gloves)
SInv    +            (no boots)
Will    .....        (no amulet) Stlth
                     (no ring)
HPRegen 0.24/turn    (no ring)
MPRegen 0.08/turn

%: no passive effects
@: no status effects
A: permanent stasis, dig shafts and tunnels, antennae 3, four strong arms
a: Dig, Shaft Self


You were on level 1 of the Dungeon.
You visited 1 branch of the dungeon, and saw 1 of its levels.

You collected 9 gold pieces.

Inventory:

Hand Weapons
 a - a +0 war axe (weapon)
Armour
 b - a +0 scale mail (worn)
 c - a +0 buckler (worn)
 f - the +3 pair of seven-league boots {Rampage+∞}
   (You acquired it on level 1 of the Dungeon)

   Rampage+∞: When moving toward enemies, its wearer moves as far as possible,
   alerting their target en route.
 g - the +0 pair of boots of Sin {*Slow rF+ Str+3}
   (You acquired it on level 1 of the Dungeon)

   Str:       It affects your strength (+3).
   rF:        It protects you from fire.
   *Slow:     It may slow you when you take damage.
Jewellery
 e - an amulet of the acrobat
 h - the ring of Gluttony {rF++ Slay+4}
   (You acquired it on level 1 of the Dungeon)

   [ring of slaying]

   Slay:      It affects your accuracy & damage with ranged weapons and melee
   (+4).
   rF:        It greatly protects you from fire.
Potions
 d - a potion of might


   Skills:
 + Level 3.5 Fighting
 + Level 2.1 Axes
 + Level 3.6 Armour
 + Level 4.2 Shields


You had one spell level left.
You didn't know any spells.
Your spell library was empty.

Dungeon Overview and Level Annotations

Branches:
Dungeon (1/15)

Altars:


Innate Abilities, Weirdness & Mutations

You cannot be hasted, slowed, berserked, paralysed or teleported.
You can dig through walls and to a lower floor.
You have a pair of large antennae on your head. (SInv)
Your four strong arms can wield two-handed weapons with a shield.


Message History

A hobgoblin comes into view.
The hobgoblin shouts!
You closely miss the hobgoblin.
The hobgoblin hits you but does no damage. x2
You slash the hobgoblin!
You kill the hobgoblin!
Found a long sword.
Found 2 lumpy sapphire potions.
Found a scroll labelled UNKIPPOYZU.
You sense a monster nearby.
A goblin comes into view. It is wielding a +0 dagger.
The goblin shouts!
An endoplasm comes into view.
You see here a scroll labelled UNKIPPOYZU.
There are monsters nearby!
A frilled lizard comes into view.
The frilled lizard hisses angrily.
You closely miss the goblin. The goblin hits you but does no damage.
The goblin barely misses you.
You slash the goblin!
You kill the goblin!
You closely miss the frilled lizard. The frilled lizard misses you.
You hit the frilled lizard.
You kill the frilled lizard!
The endoplasm freezes you.
You are frozen.
You slash the endoplasm!
You kill the endoplasm!
You see here a +0 dagger.
Found 3 scrolls labelled DICAOL JAOKK.
f - 3 scrolls labelled DICAOL JAOKK This is a scroll of acquirement!
Something appears at your feet!
g - the +0 pair of boots of Sin {*Slow rF+ Str+3} Something appears at your feet!
h - the ring of Gluttony {rF++ Slay+4} Something appears at your feet!
f - the +3 pair of seven-league boots {Rampage+∞} Unknown command.
Are you sure you want to abandon this character and quit the game? (Confirm with "yes".)

.............
..##.#.######
.###.#.# .#
#.#.# .#
#.#.. .#
#.### #######
.# #.# #..
..#
####.#####
#.# #.#
#......)# #.#
#@# #.#.##.##
#.# #.#
#.#..#.#
##.###.#{ #
##.#.#
#...)..# .#.#
#.?###.# {
.#.# #..# #.#
.#.# #..# ###
.#.# #..# #.#
#..#


There were no monsters in sight!

Vanquished Creatures
  3 endoplasms (D:1)
  A goblin (D:1)
  A hobgoblin (D:1)
  4 jackals (D:1)
  A frilled lizard (D:1)
10 creatures vanquished.

Notes
Turn   | Place    | Note
-------+----------+-------------------------------------------
     0 | D:1      | Dadbod the Formicid Fighter began the quest for the Orb.
     0 | D:1      | Reached XP level 1. HP: 18/18 MP: 1/1
    26 | D:1      | Reached XP level 2. HP: 22/24 MP: 2/2
   102 | D:1      | Identified 3 scrolls of acquirement
   102 | D:1      | Acquired the +0 pair of boots of Sin {*Slow rF+ Str+3}
   104 | D:1      | Acquired the ring of Gluttony {rF++ Slay+4}
   106 | D:1      | Acquired the +3 pair of seven-league boots {Rampage+∞}
   106 | D:1      | Found the +3 pair of seven-league boots {Rampage+∞}
   108 | D:1      | Quit the game

Illustrated notes

Levels and vault maps discovered:
D:1:      psy_arrival_dodecagon, layout_basic,
          dreamdust_ecumenical_altar_sealed_demon

Action                     || total
---------------------------++-------
  Melee: War axe           ||    16
    Use: Scroll            ||     3
 Armour: Scale mail        ||     7
  Dodge: Dodged            ||     4
  Block: Buckler           ||     1
